 Dungeon Crawl Stone Soup version 0.24.0-13-gcf9b319 (webtiles) character file.

Game seed: 4896906404821804827, levelgen mode: deterministic

223 Bob6969 the Skirmisher (level 5, -1/42 HPs)
             Began as a Demonspawn Abyssal Knight on Mar 19, 2020.
             Was a Priest of Lugonu.
             Slain by Sigmund
             ... wielding a +2 vampiric scythe
              (18 damage)
             ... on level 3 of the Dungeon.
             The game lasted 00:21:08 (3232 turns).

Bob6969 the Skirmisher (Demonspawn Abyssal Knight)  Turns: 3232, Time: 00:21:09

Health: -1/42      AC:  6    Str: 10 (13) XL:     5   Next: 66%
Magic:  6/6        EV: 10    Int: 12 (14) God:    Lugonu [***...]
Gold:   111        SH:  0    Dex:  9 (12) Spells: 4/4 levels left

rFire    . . .     SeeInvis +   a - +1 falchion
rCold    . . .     Gourm    .   (no shield)
rNeg     . . .     Faith    .   e - +0 ring mail
rPois    .         Spirit   .   (helmet restricted)
rElec    .         Reflect  .   (no cloak)
rCorr    .         Harm     .   (no gloves)
MR       .....                  d - +0 pair of boots
Stlth    ..........             (no amulet)
HPRegen  0.14/turn              i - ring of see invisible
MPRegen  0.10/turn              (no ring)

@: no status effects
A: horns 1, [blurry vision 1], powered by pain 3
a: Depart the Abyss, Bend Space, Banish, Renounce Religion


You were on level 3 of the Dungeon.
You worshipped Lugonu.
Lugonu was most pleased with you.
You were hungry.

You visited 1 branch of the dungeon, and saw 3 of its levels.
You visited the Abyss 1 time.
You also visited: Sewer.

You collected 111 gold pieces.

Inventory:

Hand Weapons
 a - a +1 falchion (weapon)
 b - a +0 short sword
Missiles
 f - 72 stones (quivered)
 l - 22 arrows
 m - 2 javelins
 o - 23 bolts
Armour
 d - a +0 pair of boots (worn)
 e - a +0 ring mail (worn)
Jewellery
 i - a ring of see invisible (left hand)
 s - an uncursed ring of stealth {unknown}
Scrolls
 g - a scroll of blinking
 h - a scroll of fear
 n - a scroll of remove curse
 q - a scroll of teleportation
 r - a scroll of immolation {unknown}
Potions
 j - 4 potions of curing
 k - a potion of berserk rage
 p - 2 potions of magic {unknown}
Comestibles
 c - 5 rations


   Skills:
 + Level 3.7 Fighting
 + Level 3.7 Long Blades
 + Level 0.2 Throwing
 + Level 3.0 Armour
 + Level 2.1 Dodging
 + Level 0.1 Stealth
 + Level 2.6 Invocations


You had 4 spell levels left.
You didn't know any spells.
Your spell library was empty.

Dungeon Overview and Level Annotations

Branches:
Dungeon (3/15)              Sewer (visited)

Altars:

Annotations:
D:3 Sigmund


Innate Abilities, Weirdness & Mutations

You have a pair of small horns on your head.
You are powered by pain.
[Scrolls take you a little longer to read.]


Message History

Sigmund misses you.
You hit Sigmund.
Sigmund is moderately wounded.
Sigmund drinks a potion.
Sigmund seems to grow stronger.
You hit Sigmund. Your headbutt misses Sigmund.
Sigmund is moderately wounded.
Sigmund completely misses you.
You closely miss Sigmund.
Sigmund is moderately wounded.
You closely miss Sigmund.
Sigmund is moderately wounded.
Sigmund hits you with a +2 vampiric scythe!
Sigmund draws strength from your wounds!
Your ring mail prevents you from hitting Sigmund.
Sigmund is moderately wounded.
Sigmund barely misses you.
You barely miss Sigmund.
Sigmund is moderately wounded.
Sigmund hits you with a +2 vampiric scythe!!
You die...

#.............# #######.....
#........###### #...........
#........##########.#####.....
###########...................
#.#######.##........
#.......#.........#.
###.###.#.##.####.#.
###################.####.#
#.#.
#.............@@......##.#
#.#.
#.#################.#'##.##
#.#. #.# #.......# #.## #.# #.
#.......# #.## ##@#.# #.#
#.......###).. .....# #.#
#.........)... .....# #.#.##
#.......###### .........
#.#........#'#####
##.########.#......###.#


You could see Sigmund (invisible).

Vanquished Creatures
  A centaur skeleton (D:3)
  7 adders
  A river rat (Sewer)
  2 worms (D:3)
  A dart slug (D:1)
  A leopard gecko (D:3)
  6 orcs (D:3)
  7 ball pythons
  6 giant cockroaches
  7 goblins
  10 hobgoblins
  16 jackals
  A quokka (D:2)
  5 bats
  9 frilled lizards
  11 kobolds
  12 rats
103 creatures vanquished.

Notes
Turn   | Place    | Note
-------+----------+-------------------------------------------
     0 | Abyss:1  | Bob6969 the Demonspawn Abyssal Knight began the quest for
                  | the Orb.
     0 | Abyss:1  | Reached XP level 1. HP: 18/18 MP: 2/2
    81 | Abyss:2  | Noticed a revenant
    97 | Abyss:2  | Noticed a wretched star
    98 | D:1      | Escaped the Abyss
   213 | D:1      | Reached * piety under Lugonu
   238 | D:1      | Gained mutation: You sometimes gain a little power by
                  | taking damage. [demonic ancestry]
   238 | D:1      | Reached XP level 2. HP: 24/24 MP: 3/3
   279 | D:1      | Reached skill level 1 in Dodging
   727 | D:1      | Gained mutation: You sometimes gain power by taking damage.
                  | [demonic ancestry]
   727 | D:1      | Reached XP level 3. HP: 29/29 MP: 4/4
  1079 | D:2      | Reached ** piety under Lugonu
  1369 | D:2      | Gained mutation: You have a pair of small horns on your
                  | head. [demonic ancestry]
  1369 | D:2      | Reached XP level 4. HP: 19/35 MP: 5/5
  2397 | D:3      | Found a glowing drain.
  2456 | D:3      | Gained mutation: You are powered by pain. [demonic
                  | ancestry]
  2456 | D:3      | Reached XP level 5. HP: 20/41 MP: 6/6
  2726 | Sewer    | Entered a sewer
  2754 | Sewer    | Reached *** piety under Lugonu
  3197 | D:3      | Noticed Sigmund
  3232 | D:3      | Slain by Sigmund

Levels and vault maps discovered:
D:1:      minmay_arrival_open_corners, layout_loops_ring, serial_glass,
          glass_columns_a, glass_columns_a
D:2:      layout_basic
D:3:      layout_basic, gup_sewer_entry_glass, uniq_sigmund

Skill      XL: |  1  2  3  4  5 |
---------------+----------------+-----
Dodging        | 1 2 |  2.1
Long Blades    | 2 3 |  3.7
Armour         | 2 3 |  3.0
Fighting       | |  3.7
Throwing       | |  0.2
Stealth        | |  0.1
Invocations    | |  2.6

Action                   |  1- 3 |  4- 6 || total
-------------------------+-------+-------++-------
Melee: Falchion          |   141 |   188 ||   329
       Headbutt          |       |    30 ||    30
Throw: Stone             |    12 |     9 ||    21
Invok: Depart the Abyss  |     1 |       ||     1
  Use: Scroll            |     6 |     4 ||    10
       Potion            |     2 |     4 ||     6
 Stab: Sleeping          |     1 |       ||     1
  Eat: Chunk             |     1 |     3 ||     4
       Ration            |     1 |       ||     1
Armor: Ring mail         |    80 |    91 ||   171
Dodge: Dodged            |   105 |    97 ||   202
       Rpst.: Falchion   |    29 |    35 ||    64
